 Dungeon Crawl Stone Soup version 0.30-a0-778-g2ef04afb54 (console) character file.

Game seed: 12053496602252084335

401 rlgrobin the Cleaver (level 7, -3/57 HPs)
             Began as a Meteoran Fighter on Feb 16, 2023.
             Was an Initiate of Makhleb.
             Slain by a steam dragon (8 damage)
             ... on level 6 of the Dungeon.
             The game lasted 00:04:12 (723 turns).

rlgrobin the Cleaver (Meteoran Fighter)              Turns: 723, Time: 00:04:12

Health: -3/57      AC:  9    Str: 20    XL:     7   Next: 33%
Magic:  8/8        EV:  9    Int:  9    God:    Makhleb [......]
Gold:   143        SH:  0    Dex: 14    Spells: 6/6 levels left

rFire   . . .      SeeInvis .    a - +0 war axe
rCold   . . .      Faith    .    c - +0 buckler
rNeg    . . .      Spirit   .    b - +0 scale mail
rPois   .          Reflect  .    l - +0 helmet
rElec   .          Harm     .    e - +0 cloak
rCorr   .          Rampage  .    (no gloves)
Will    .....                    (no boots) Stlth
                                 (no amulet)
HPRegen 0.29/turn                n - ring of flight
MPRegen 0.11/turn                (no ring)

@: confused, ambrosia-drunk, flying, glowing
A: sense surroundings 1, otherworldly, glowing, explore regen
a: Renounce Religion


You were on level 6 of the Dungeon.
You worshipped Makhleb.
Makhleb was noncommittal.
You visited 2 branches of the dungeon, and saw 7 of its levels.

You collected 143 gold pieces.

Inventory:

Hand Weapons
 a - a +0 war axe (weapon)
 t - a +2 hand axe of freezing
Missiles
 g - 2 poisoned darts (quivered)
Armour
 b - a +0 scale mail (worn)
 c - a +0 buckler (worn)
 e - a +0 cloak (worn)
 l - a +0 helmet (worn)
Jewellery
 n - a ring of flight (left hand)
Wands
 j - a wand of charming (7)
 q - a wand of digging (2)
Scrolls
 f - 2 scrolls of identify {unknown}
 i - 2 scrolls of vulnerability {unknown}
 k - 4 scrolls of enchant weapon {unknown}
 p - 2 scrolls of butterflies {unknown}
Potions
 d - a potion of might
 m - a potion of curing {unknown}
 o - a potion of flight
 r - a potion of haste {unknown}
 s - a potion of brilliance {unknown}


   Skills:
 - Level 3.2 Fighting
 + Level 8.5 Axes
 - Level 3.6 Armour
 - Level 3.6 Shields


You had 6 spell levels left.
You didn't know any spells.
Your spell library contained the following spells:

 Spells                   Type           Power      Damage    Failure   Level
 Kiss of Death            Conj/Necr      0%         2d5       83%         1
 Confusing Touch          Hex            0%         N/A       99%         3
 Dispel Undead            Necr           0%         3d6       100%        4


Dungeon Overview and Level Annotations

Branches:
Dungeon (6/15) Zot: 2871   Temple (1/1) D:4 Zot: 565

Altars:
Ashenzari
Elyvilon
Fedhas
Kikubaaqudgha
Makhleb
Nemelex Xobeh
Okawaru
Sif Muna
Uskayaw
Vehumet
Zin
The Shining One


Innate Abilities, Weirdness & Mutations

You passively map a small area around you.
You are easily found by Zot.
You glow in the dark.
You regain HP and MP as you explore.


Message History

You are too injured to fight recklessly!
You are engulfed in a cloud of scalding steam.
The steam dragon bites you!
* * * LOW HITPOINT WARNING * * *
The steam dragon claws you but does no damage.
You are too injured to fight recklessly!
You barely miss the steam dragon.
The steam dragon is moderately wounded.
You are engulfed in a cloud of scalding steam.
The steam dragon breathes steam at you. The ball of steam misses you.
You barely miss the steam dragon.
The steam dragon is moderately wounded.
You block the steam dragon's attack. The steam dragon closely misses you.
The steam dragon bites you.
* * * LOW HITPOINT WARNING * * *
The steam dragon barely misses you.
You closely miss the steam dragon.
The steam dragon is moderately wounded.
The steam dragon barely misses you.
The steam dragon claws you but does no damage.
It was a potion of flight.
You feel more buoyant. The steam dragon breathes steam at you.
The ball of steam hits you!
* * * LOW HITPOINT WARNING * * *
The steam dragon attacks as you move away!
The steam dragon closely misses you. You block the steam dragon's attack.
It was a potion of ambrosia.
You are confused.
You feel invigorated.
The steam dragon bites you but does no damage.
The steam dragon claws you.
* * * LOW HITPOINT WARNING * * *
The steam dragon bites you.
* * * LOW HITPOINT WARNING * * *
The steam dragon claws you.
* * * LOW HITPOINT WARNING * * *
The steam dragon bites you!
You die...

, , ###<##.# ,
#...##.# #+ ##...##.#
, #. #...†##.### ~
#.##....+....#
#..#....##.#.# #
#...#####.#.#####..#~*
#...# #...#.......# ,
#...###...@D..###.# ~
#.............+ , ~~
###...........# ⌠
#.......#+### , *
#.....[.#.### , ,
#.....).)...# * ,
#######)#.#.#*,
#.#..., , * #.##### *


You could see a steam dragon.

Vanquished Creatures
  A scorpion (D:4)
  A howler monkey (D:5)
  2 hounds
  An iguana (D:4)
  Natasha (D:2)
  2 orc wizards (D:6)
  Robin (D:2)
  4 gnolls (D:4)
  2 adders
  A white imp (D:6)
  A worm (D:4)
  2 dart slugs
  4 orcs
  5 endoplasms
  13 goblins
  7 hobgoblins
  4 kobolds
  3 quokkas
  A ball python (D:1)
  5 bats
  A frilled lizard (D:1)
  5 rats
67 creatures vanquished.

Vanquished Creatures (others)
  7 plants (D:6)
7 creatures vanquished.

Grand Total: 74 creatures vanquished

Notes
Turn   | Place    | Note
-------+----------+-------------------------------------------
     0 | D:1      | rlgrobin the Meteoran Fighter began the quest for the Orb.
     0 | D:1      | Reached XP level 1. HP: 19/19 MP: 2/2
    33 | D:1      | Reached skill level 3 in Axes
    33 | D:1      | Reached XP level 2. HP: 26/26 MP: 3/3
    94 | D:1      | Reached XP level 3. HP: 31/31 MP: 4/4
   102 | D:1      | Reached skill level 4 in Axes
   147 | D:2      | Noticed Natasha
   158 | D:2      | Killed Natasha
   159 | D:2      | Reached XP level 4. HP: 13/38 MP: 5/5
   183 | D:2      | Noticed Robin
   188 | D:2      | Reached skill level 5 in Axes
   189 | D:2      | Killed Robin
   253 | D:3      | Reached XP level 5. HP: 45/45 MP: 6/6
   353 | D:4      | Reached skill level 6 in Axes
   357 | D:4      | HP: 2/45 [gnoll/+0 halberd (11)]
   370 | D:4      | Found a radiant altar of Vehumet.
   388 | D:4      | Reached XP level 6. HP: 37/51 MP: 7/7
   404 | D:4      | Reached skill level 7 in Axes
   481 | D:4      | Found a staircase to the Ecumenical Temple.
   500 | Temple   | Entered the Ecumenical Temple
   525 | Temple   | Became a worshipper of Makhleb the Destroyer
   574 | D:5      | Entered Level 5 of the Dungeon
   589 | D:5      | Found a shimmering blue altar of Sif Muna.
   592 | D:5      | Found a hide-covered altar of Uskayaw.
   594 | D:5      | Found a blossoming altar of Fedhas.
   594 | D:5      | Found an iron altar of Okawaru.
   623 | D:5      | Reached XP level 7. HP: 52/57 MP: 8/8
   647 | D:6      | Reached skill level 8 in Axes
   708 | D:6      | Noticed a steam dragon
   722 | D:6      | HP: 1/57 [steam dragon (4)]
   723 | D:6      | Slain by a steam dragon

Illustrated notes

Levels and vault maps discovered:
D:1:      dpeg_chamrin_arrival_tetris, layout_rooms, minmay_crystal_water
D:2:      layout_loops_ring, serial_shops, nicolae_shop_statue_plus,
          uniq_natasha, uniq_robin
D:3:      layout_basic, serial_shops, shop, corner_web_ring, uniq_ijyb
D:4:      layout_cave_pools, mainiacjoe_overflow_alcove_1, temple_green
D:5:      layout_basic, regret_index_temple_of_mockery, grunt_gozag_breadcrumbs,
          nicolae_dithmenos_the_darkroom, minitemple,
          minmay_a_box_with_orc_wizards_in_it
D:6:      layout_basic, amcnicky_altar_gilded, cheibrodos_worm_habitat,
          mainiacjoe_overflow_cross_hatched, minmay_increasing_density
Temple:   hellmonk_temple_two_chambers

Skill      XL: |  1  2  3  4  5  6  7 |
---------------+----------------------+-----
Axes           | 3 4 5 6 7 8 |  8.5
Fighting       | |  3.2
Armour         | |  3.6
Shields        | |  3.6

Action                     |  1- 3 |  4- 6 |  7- 9 || total
---------------------------+-------+-------+-------++-------
  Melee: War axe           |    51 |    83 |    27 ||   161
    Use: Potion            |       |       |     2 ||     2
 Armour: Scale mail        |    29 |    35 |    11 ||    75
  Dodge: Dodged            |    16 |    32 |    14 ||    62
  Block: Buckler           |    14 |    15 |     5 ||    34

Table legend: (Time is in decaauts)
 A = Elapsed time spent in this place.
 B = Non-inter-level travel time spent in this place.
 C = Inter-level travel time spent in this place.
 D = Time resting spent in this place.
 E = Time spent auto-exploring this place.
 F = Levels seen in this place.
 G = Mean time per level.
                   A        B        C        D        E       F      G
               +--------+--------+--------+--------+--------+-----+--------+
         Total |    762 |    762 |      0 |      0 |      0 |   7 |  108.9 |
       Dungeon |    728 |    728 |      0 |      0 |      0 |   6 |  121.3 |
        Temple |     34 |     34 |      0 |      0 |      0 |   1 |   34.0 |
               +--------+--------+--------+--------+--------+-----+--------+

Top non-repeatable levels by time:
     D:4: 204 daAuts
     D:1: 134 daAuts
     D:2: 128 daAuts
     D:3: 107 daAuts
     D:6: 85 daAuts
     D:5: 67 daAuts
  Temple: 34 daAuts
